Cogmind - Beta 11.1 @@@ ROGUE MODE // 2022.09.02 @ 21:27:07 Player: Okkudo Result: Destroyed by Y-45 Defender with Heavy Assault Rifle Performance ------------- Evolutions (2) 1000 Regions Visited (6) 1200 Robots Destroyed (35) 175 Value Destroyed (1099) 1099 Prototype IDs (2) 40 Alien Tech Used (0) 0 Bonus (344) 344 TOTAL SCORE: 3858 Bonus ------- Follower Combat Kills 60 Aligned with FarCom 300 Friendly Fire -16 Cogmind --------- Core Integrity 0/550 Matter 410/500 Energy 100/100 System Corruption 0% Temperature Cool (9) Movement Core (300) Ox5 Location -8/Materials Parts ------- > --- POWER (1) -------- (None) > --- PROPULSION (2) --- (None) > --- UTILITY (6) ------ Medium Storage Unit High-capacity Matter Pod Experimental Sensor Array > --- WEAPON (2) ------- Mace > --- INVENTORY (10) --- Aluminum Leg Medium Storage Unit ECM Suite Skeleton Box Grenade Launcher Datajack Mining Laser Peak State ------------ > --- POWER ------------ Ion Engine > --- PROPULSION ------- Aluminum Leg Aluminum Leg > --- UTILITY ---------- Medium Storage Unit Experimental Sensor Array Signal Interpreter Skeleton Box > --- WEAPON ----------- Heavy Assault Rifle Heavy Assault Rifle > --- INVENTORY -------- Grenade Launcher Datajack Mining Laser Hammer [Rating: 24] Favorites ----------- Power Ion Engine Engine Ion Engine Propulsion Aluminum Leg Leg Aluminum Leg Utility Medium Storage Unit Device Sensor Array Storage Medium Storage Unit Processor Signal Interpreter Protection Medium Armor Plating Weapon Heavy Assault Rifle Ballistic Gun Heavy Assault Rifle Launcher Grenade Launcher Impact Weapon Hammer Build | -11 -10 -9 -9 -9 -8 -8 ------- Run | Scr Mat Mat Min Exi Min Mat Slots Evolved 4 | . . 2 . . . 2 Power . | . . . . . . . Propulsion . | . . . . . . . Utility 4 | . . 2 . . . 2 Weapon . | . . . . . . . Parts Attached 31 | 5 3 11 3 2 1 6 Power 4 | 1 . 3 . . . . Engine 4 | 1 . 3 . . . . Core . | . . . . . . . Reactor . | . . . . . . . Propulsion 7 | 1 1 2 2 . . 1 Treads . | . . . . . . . Leg 7 | 1 1 2 2 . . 1 Wheel . | . . . . . . . Hover . | . . . . . . . Flight . | . . . . . . . Utility 11 | 1 2 4 1 2 . 1 Device 6 | . 1 3 . 2 . . Storage 3 | 1 1 . . . . 1 Processor 1 | . . 1 . . . . Hackware . | . . . . . . . Protection 1 | . . . 1 . . . Artifact . | . . . . . . . Weapon 9 | 2 . 2 . . 1 4 Energy Gun . | . . . . . . . Energy Cannon . | . . . . . . . Ballistic Gun 6 | 2 . 2 . . . 2 Ballistic Cannon . | . . . . . . . Launcher 1 | . . . . . 1 . Special Weapon . | . . . . . . . Impact Weapon 2 | . . . . . . 2 Slashing Weapon . | . . . . . . . Piercing Weapon . | . . . . . . . Special Melee Weapon . | . . . . . . . Unidentified Prototypes 2 | . . . . 2 . . Parts Lost 9 | . . . . . . 9 Power 1 | . . . . . . 1 Propulsion 3 | . . . . . . 3 Utility 1 | . . . . . . 1 Weapon 4 | . . . . . . 4 Highest Loss Streak 2 | . . . . . . 2 To Critical Strikes . | . . . . . . . Average Slot Usage (%) 93 | . 92 99 99 97 88 58 Engine 10 | . 14 11 11 11 11 5 Leg 21 | . 28 22 22 22 22 11 Device 14 | . 7 21 18 11 11 9 Storage 11 | . 14 11 11 11 11 10 Processor 9 | . . 10 11 11 11 7 Protection 3 | . . . 3 8 . . Ballistic Gun 20 | . 28 22 22 22 11 5 Naked Turns . | . . . . . . . Heaviest Build 29 | 11 18 24 29 29 22 22 Greatest Support 20 | 10 20 20 20 20 20 20 Greatest Overweight (x) 6 | 1 . 1 1 1 1 6 Average Overweight (x) . | . . . 1 1 1 1 Largest Inventory Capacity 10 | 8 10 10 10 10 10 10 Average Capacity 9 | 7 9 10 10 10 10 10 Most Carried 10 | 2 9 10 10 10 9 9 Average Carried 8 | . 5 8 9 9 9 8 Final Capacity 10 | 8 10 10 10 10 10 10 Final Carried 10 | 2 9 10 9 9 9 7 Class Distribution -------------------- 61% | Scavenger-Mutant 29% | Mutant 3% | Assassin 3% | Scavenger-Assassin Dominant Class ---------------- Mutant | -10/Materials Mutant | -9/Materials Scavenger-Mutant | -9/Mines Scavenger-Mutant | -9/Exiles Scavenger-Mutant | -8/Mines Assassin | -8/Materials Resources | -11 -10 -9 -9 -9 -8 -8 ----------- Run | Scr Mat Mat Min Exi Min Mat Matter Collected 901 | 266 86 402 60 20 . 67 Remotely . | . . . . . . . Salvage Created 1421 | 97 140 763 30 . . 391 Parts 76 | 4 8 47 2 . . 15 Haulers Intercepted 2 | . 1 1 . . . . Recyclers Shooed 5 | . 1 3 1 . . . Parts Field Recycled . | . . . . . . . Retrieved Matter . | . . . . . . . Parts Self-Destructed . | . . . . . . . Prevented . | . . . . . . . Kills | -11 -10 -9 -9 -9 -8 -8 ------- Run | Scr Mat Mat Min Exi Min Mat Combat Hostiles Destroyed 25 | . 1 14 1 . . 9 Melee 2 | . . . . . . 2 Guns 20 | . 1 14 1 . . 4 AOE 3 | . . . . . . 3 Classes Destroyed 8 | 2 3 3 . . . . Worker 1 | . . 1 . . . . Builder 2 | . . 2 . . . . Tunneler 1 | 1 . . . . . . Hauler 2 | . 1 1 . . . . Recycler 1 | 1 . . . . . . Watcher 3 | . 2 1 . . . . Grunt 19 | . 1 11 1 . . 6 Sentry 6 | . . 3 . . . 3 Best Kill Streak 5 | 2 2 5 1 . . 4 Combat Bots Only 4 | . 1 3 1 . . 4 Max Kills in Single Turn 1 | 1 1 1 1 . . 1 Gunslinging . | . . . . . . . Exploded 1 | . . . . . . 1 Melee 1 | . . . . . . 1 Uniques/NPCs Destroyed . | . . . . . . . Combat | -11 -10 -9 -9 -9 -8 -8 -------- Run | Scr Mat Mat Min Exi Min Mat Damage Taken 2079 | . 55 595 16 . . 1413 Core 661 | . 11 100 . . . 550 Absorbed by Shields 114 | . . 108 6 . . . Core Remaining (%) 90 | 100 95 . . . 75 . Volleys Fired 116 | 4 16 68 4 . . 24 Largest 2 | 2 2 2 2 . . 2 Hottest 53 | 40 40 46 46 . . 53 Shots Fired 212 | 8 32 136 8 . . 28 Gun 208 | 8 32 136 8 . . 24 Cannon . | . . . . . . . Launcher 4 | . . . . . . 4 Special . | . . . . . . . Kinetic 208 | 8 32 136 8 . . 24 Thermal . | . . . . . . . Explosive 4 | . . . . . . 4 Electromagnetic . | . . . . . . . Robot Hit Streak 19 | 2 4 19 3 . . 13 Robot Miss Streak 8 | 3 5 8 3 . . 1 Penetration Max . | . . . . . . . Secondary Targets . | . . . . . . . Shots Hit Robots 150 | 4 15 83 4 . . 44 Core Hits 64 | 3 7 34 2 . . 18 Critical Kills 3 | 1 . 1 . . . 1 Critical Parts Destroyed 2 | . . . . . . 2 Critical Strikes 5 | 1 . 1 . . . 3 Destroy 3 | 1 . 1 . . . 1 Smash 2 | . . . . . . 2 Melee Attacks 28 | . . . . . . 28 Impact 28 | . . . . . . 28 Slashing . | . . . . . . . Piercing . | . . . . . . . Sneak Attacks . | . . . . . . . Combat Hostiles . | . . . . . . . Follow-up Attacks . | . . . . . . . Damage Inflicted 2222 | 49 168 977 73 . . 955 Guns 1594 | 49 165 973 73 . . 334 Cannons . | . . . . . . . Explosions 275 | . . . . . . 275 Melee 346 | . . . . . . 346 Ramming 7 | . 3 4 . . . . Kinetic 1594 | 49 165 973 73 . . 334 Thermal . | . . . . . . . Explosive 275 | . . . . . . 275 Electromagnetic . | . . . . . . . Impact 346 | . . . . . . 346 Slashing . | . . . . . . . Piercing . | . . . . . . . Highest Corruption . | . . . . . . . Average Corruption . | . . . . . . . Corruption Purged . | . . . . . . . Corruption Blocked . | . . . . . . . Overload Shots . | . . . . . . . Overflow Damage 15 | . . . . . . 15 Projectiles . | . . . . . . . Explosions . | . . . . . . . Melee 15 | . . . . . . 15 Knockbacks . | . . . . . . . Impact . | . . . . . . . Kinetic . | . . . . . . . Secondary . | . . . . . . . Self-Inflicted Damage 71 | . . . . . . 71 Shots 3 | . . . . . . 3 Rammed . | . . . . . . . Targets Rammed 5 | . 2 3 . . . . Kicked 5 | . 2 3 . . . . Crushed . | . . . . . . . Highest Temperature 12 | . 12 6 . . . 9 Average Temperature 4 | . 8 3 . . . 8 Received Heat Transfer 908 | . 30 312 8 . . 558 Siege Activations . | . . . . . . . Robots Corrupted . | . . . . . . . Combat Hostiles . | . . . . . . . Parts Fried . | . . . . . . . Impact Corruptions 2 | . . . . . . 2 Robots Melted . | . . . . . . . Combat Hostiles . | . . . . . . . Parts Melted . | . . . . . . . Heat Transferred . | . . . . . . . Parts Sabotaged . | . . . . . . . Parts Stolen . | . . . . . . . Parts Stripped . | . . . . . . . Power Chain Reactions . | . . . . . . . Missiles Intercepted . | . . . . . . . Alert | -11 -10 -9 -9 -9 -8 -8 ------- Run | Scr Mat Mat Min Exi Min Mat Peak Influence 237 | 10 47 237 129 . . 204 Initial 55 | . 6 19 55 . . . Average 79 | 6 23 95 98 . . 134 Maximum Alert Level 1 | . . 1 . . . 1 Low Security (%) 95 | 100 100 92 100 . 100 89 Level 1 4 | . . 7 . . . 10 Level 2 . | . . . . . . . Level 3 . | . . . . . . . Level 4 . | . . . . . . . Level 5 . | . . . . . . . High Security . | . . . . . . . Max Security . | . . . . . . . Squads Dispatched 7 | . . 3 . . . 4 Investigation 3 | . . 2 . . . 1 Extermination . | . . . . . . . Reinforcement 1 | . . 1 . . . . Assault . | . . . . . . . Garrison 3 | . . . . . . 3 Intercept . | . . . . . . . Searches Triggered . | . . . . . . . Construction Impeded . | . . . . . . . Haulers Reinforced . | . . . . . . . Active Scanning Responses . | . . . . . . . Cargo Convoy Interrupts . | . . . . . . . Stealth | -11 -10 -9 -9 -9 -8 -8 --------- Run | Scr Mat Mat Min Exi Min Mat Distress Signals 3 | . . 3 . . . . Communications Jammed . | . . . . . . . Distress Signals . | . . . . . . . Times Spotted 44 | . 4 24 4 . . 12 Peak Tracking Total 6 | . 2 4 3 . . 6 Tactical Retreats 3 | . . 3 . . . . Traps | -11 -10 -9 -9 -9 -8 -8 ------- Run | Scr Mat Mat Min Exi Min Mat Traps Triggered . | . . . . . . . Indirectly . | . . . . . . . Trap Hack Attempts . | . . . . . . . Triggered . | . . . . . . . Disarmed . | . . . . . . . Reprogrammed . | . . . . . . . Reused . | . . . . . . . Traps Extracted . | . . . . . . . Installed . | . . . . . . . Triggered . | . . . . . . . Machines | -11 -10 -9 -9 -9 -8 -8 ---------- Run | Scr Mat Mat Min Exi Min Mat Machines Disabled . | . . . . . . . Max in Single Turn . | . . . . . . . Machines Sabotaged . | . . . . . . . Garrisons Compromised . | . . . . . . . Overloaded Fab Kills . | . . . . . . . Hacking | -11 -10 -9 -9 -9 -8 -8 --------- Run | Scr Mat Mat Min Exi Min Mat Machines Accessed 8 | . . 6 . 1 . 1 Terminals 7 | . . 6 . . . 1 Fabricators . | . . . . . . . Repair Stations . | . . . . . . . Recycling Units . | . . . . . . . Scanalyzers . | . . . . . . . Garrison Access . | . . . . . . . Total Hacks 25 | . . 17 . 5 . 3 Successful 15 | . . 10 . 5 . . Failed 10 | . . 7 . . . 3 Catastrophic . | . . . . . . . Database Lockouts . | . . . . . . . Manual 10 | . . 6 . 1 . 3 Terminals 20 | . . 17 . . . 3 Fabricators . | . . . . . . . Repair Stations . | . . . . . . . Recycling Units . | . . . . . . . Scanalyzers . | . . . . . . . Garrison Access . | . . . . . . . Terminal Hacks 13 | . . 8 . 5 . . Record 6 | . . 1 . 5 . . Robot Analysis 1 | . . 1 . . . . Branch Access Points 1 | . . 1 . . . . Alert Level 2 | . . 2 . . . . Zone Layout 3 | . . 3 . . . . Fabricator Hacks . | . . . . . . . Repair Station Hacks . | . . . . . . . Recycling Unit Hacks . | . . . . . . . Scanalyzer . | . . . . . . . Garrison Access Hacks . | . . . . . . . Unauthorized Hacks 2 | . . 2 . . . . Terminals 2 | . . 2 . . . . Botnet 2 | . . 2 . . . . Fabricators . | . . . . . . . Repair Stations . | . . . . . . . Recycling Units . | . . . . . . . Scanalyzers . | . . . . . . . Garrison Access . | . . . . . . . Data Cores Recovered . | . . . . . . . Used . | . . . . . . . Hacking Detections 5 | . . 4 . . . 1 Full Trace Events 3 | . . 2 . . . 1 Feedback Events . | . . . . . . . Feedback Blocked . | . . . . . . . Robot Schematics Acquired . | . . . . . . . Robots Built . | . . . . . . . Authchips . | . . . . . . . Time . | . . . . . . . Total Robot Build Rating . | . . . . . . . Part Schematics Acquired . | . . . . . . . Parts Built . | . . . . . . . Authchips . | . . . . . . . Time . | . . . . . . . Total Part Build Rating . | . . . . . . . Parts Repaired . | . . . . . . . Time . | . . . . . . . Parts Recycled . | . . . . . . . Recycled Matter . | . . . . . . . Retrieved Matter . | . . . . . . . Retrieved Components . | . . . . . . . Parts Scanalyzed . | . . . . . . . Part Schematics Acquired . | . . . . . . . Parts Damaged . | . . . . . . . Bothacking | -11 -10 -9 -9 -9 -8 -8 ------------ Run | Scr Mat Mat Min Exi Min Mat Used RIF Installer . | . . . . . . . Robots Hacked . | . . . . . . . Non-combat . | . . . . . . . Combat . | . . . . . . . Robot Hacks Applied . | . . . . . . . Relay Couplers Released . | . . . . . . . Fabnet Peak Effective % . | . . . . . . . Robots Rewired . | . . . . . . . Allies Hacked . | . . . . . . . Hacks Repelled . | . . . . . . . Allies | -11 -10 -9 -9 -9 -8 -8 -------- Run | Scr Mat Mat Min Exi Min Mat Total Allies 1 | . . . 1 . . . Largest Group 1 | . . . 1 . . . Highest-Rated Group 31 | . . . 31 . . . Highest-Rated Ally 31 | . . . 31 . . . Total Orders . | . . . . . . . Ally Attacks 8 | . . . 8 . . . Total Damage 124 | . . . 124 . . . Kills 2 | . . . 2 . . . Allies Corrupted . | . . . . . . . Allies Melted . | . . . . . . . Intel | -11 -10 -9 -9 -9 -8 -8 ------- Run | Scr Mat Mat Min Exi Min Mat Robot Analysis Total 1 | . . 1 . . . . Derelict Logs Recovered 1 | . . . 1 . . . Drone Launches . | . . . . . . . Drone Recoveries . | . . . . . . . Exploration | -11 -10 -9 -9 -9 -8 -8 ------------- Run | Scr Mat Mat Min Exi Min Mat Turns Passed 3599 | 89 383 982 457 1124 208 356 Spaces Moved 1718 | 43 266 397 227 583 105 97 Core 9 | 3 . . . . . 6 Treads . | . . . . . . . Legs 1709 | 40 266 397 227 583 105 91 Wheels . | . . . . . . . Hover . | . . . . . . . Flight . | . . . . . . . Fastest Speed 50 | 50 120 120 190 190 190 120 Average Speed 174 | 155 120 170 190 190 190 200 Slowest Speed 350 | 190 120 190 190 190 190 350 Overloaded Moves . | . . . . . . . Propulsion Burnouts . | . . . . . . . Robots Hopped . | . . . . . . . Cave-ins Triggered . | . . . . . . . Exploration Rate (%) 35 | 3 38 41 42 91 22 14 Regions Visited 6 Branch Regions 3 Pre-discovered Areas 1 | . . . . 1 . . Known Exits Taken 4 | . . 1 1 1 1 . Unknown Exits Taken 2 | 1 1 . . . . . Scrap Searched . | . . . . . . . Spaces Dug . | . . . . . . . Terrain Destroyed 12 | . . . . . . 12 Melee . | . . . . . . . Projectile . | . . . . . . . AOE 12 | . . . . . . 12 Terrain Rammed . | . . . . . . . Walls Destroyed . | . . . . . . . Machines Disabled . | . . . . . . . Actions | -11 -10 -9 -9 -9 -8 -8 --------- Run | Scr Mat Mat Min Exi Min Mat Total 2082 | 58 301 577 247 605 113 181 Wait 118 | . 3 81 3 . 8 23 Move 1712 | 42 265 396 226 582 104 97 Hop . | . . . . . . . Pick Up 45 | 7 10 10 5 10 . 3 Fast Attach . | . . . . . . . Attach 21 | 5 3 5 1 2 . 5 Detach 2 | . 1 1 . . . . Swap 10 | . . 6 2 . 1 1 Drop 25 | . 1 7 6 11 . . Fire 116 | 4 16 68 4 . . 24 Melee 28 | . . . . . . 28 Ram . | . . . . . . . Kick 5 | . 2 3 . . . . Crush . | . . . . . . . Escape Stasis . | . . . . . . . Rewire . | . . . . . . . Trap . | . . . . . . . Miscellaneous . | . . . . . . . Route ------- -11/Scrapyard -10/Materials -9/Materials -9/Mines -9/Exiles -8/Mines -8/Materials History --------- Turn | Location | Event 5 | -11/Scrapyard | Discovered new exit (range 16) 90 | -11/Scrapyard | Entered Materials 310 | -10/Materials | Build established: Mutant 391 | -10/Materials | Discovered new exit (range 11) 473 | -10/Materials | Entered another Materials area 473 | -9/Materials | Evolved 2 slots: Utility x2 921 | -9/Materials | Discovered new exit (range 15) 1310 | -9/Materials | Identified exit to Mines 1356 | -9/Materials | Build established: Scavenger-Mutant 1455 | -9/Materials | Entered Mines 1458 | -9/Mines | Received a Mining Laser from a helpful Derelict 1516 | -9/Mines | Found a damaged Exp. Sensor Array with a note attached 1522 | -9/Mines | Found Prototype Device 1740 | -9/Mines | Joined a pair of Derelicts in attacking an 0b10 outpost 1765 | -9/Mines | Learned Materials trap positions 1883 | -9/Mines | Deemed a non-threat by the Exiles lab entrance 1885 | -9/Mines | Discovered new exit (range 5) 1904 | -9/Mines | Identified exit to Exiles 1912 | -9/Mines | Entered Exiles 1964 | -9/Exiles | Met 8R-AWN 1998 | -9/Exiles | Met EX-HEX 2098 | -9/Exiles | Met EX-DEC 2184 | -9/Exiles | Visited The Gauntlet 2501 | -9/Exiles | Discovered new exit (range 12) 2599 | -9/Exiles | Learned location of Zion (-6) 2658 | -9/Exiles | Met EX-BIN 2685 | -9/Exiles | Aligned with FarCom system 2687 | -9/Exiles | Given EX-Vault access code 2744 | -9/Exiles | Opened EX-Vault 2775 | -9/Exiles | Identified Exp. Sensor Array 2779 | -9/Exiles | Found Prototype Device 2788 | -9/Exiles | Found Prototype Device 2789 | -9/Exiles | Identified Skeleton Box 2796 | -9/Exiles | Found Prototype Ballistic Gun 2834 | -9/Exiles | Exiles lab attacked by MAIN.C 3034 | -9/Exiles | Identified exit to Mines 3036 | -9/Exiles | Left Exiles lab with Skeleton Box 3036 | -9/Exiles | Entered Mines 3230 | -8/Mines | Discovered new exit (range 7) 3242 | -8/Mines | Identified exit to Materials 3244 | -8/Mines | Entered Materials 3244 | -8/Materials | Evolved 2 slots: Utility x2 3245 | -8/Materials | Loaded intel: 13 trap records 3520 | -8/Materials | Core integrity fell below 50% 3571 | -8/Materials | Core integrity fell below 20% 3600 | -8/Materials | Destroyed by Y-45 Defender with Heavy Assault Rifle Last Messages --------------- 03494_ Aluminum Leg destroyed. 03499_ G-50 Soldier destroyed. 03502_ Hvy. Assault Rifle destroyed. 03516_ Critical hit (Burn: +37). 03535_ Destroyed Heat Sink. 03535_ Y-45 Defender system corrupted by crushing effect. 03541_ Signal Interpreter destroyed. 03544_ Y-45 Defender IFF system glitched. 03544_ U-05 Engineer destroyed. 03547_ Critical hit (Burn: +37). 03552_ Y-45 Defender suffers critical hit (Smash). 03552_ Y-45 Defender destroyed. 03552_ U-05 Engineer builds a Door. 03553_ Acquired 17 matter. 03560_ Acquired Aluminum Leg. 03562_ Slug penetrates Wall. 03588_ Acquired Mace. 03589_ Aluminum Leg destroyed. 03591_ Penetrated by Slug. 03597_ Hammer destroyed. Map ----- +----------------------------------------------------+ | ??????###"T" # ### #?????# | | ??????# ####### | | ??????# ######+### # | | ??????# ""%% #### [#!""" """ | | ??????# "G %! !+ """ """ | | ??????# "" ! # """ """ | | ????? # | | ???? ## | | ???# ########## | | ???# #????????? | | ???# #????????? | | ???#? #+########## #????????? | | ?????####### ?????????# #????????? | | ???????????###### ?????????# ?#????????? | | ????????????????? ""????????# #????????? | | ????????????????? "?????????# #????????? | | ????????????????? ??????????# #????????? | | ????????????????????????????# #????????? | | ????????????????????????????# #????????? | | ?????????????########???????# #????????? | | ?????????????# | #???????# #????????? | | ?????????????# ######### #????????? | | ?????????????# ##]!! # #????????? | | ?????????????# ##!!! # #????????? | | ?????????????# /!=h%##!!! + #????????? | | ?????????????# !@ Y## # #"" [??? | | ????????^# ######/## / / ?? | | ?????????+ ? ?%[/ # # ??? | | ?????????# !%######### #????? ?? | | ?????????## """ ="???????# #????????? | | ??????????# R" T???????# #????????? | | ??????????# """ "???????# #????????? | | ??????????# ! #???????? ????????? | | ??????????# ???????? ????????? | | ??????????# """"" ???????? ????????? | | ??????????# ?""""" ???????? ???????? | | ??????????????"""" ???????? ???????? | | ????????????????? ???????? ???????? | | ????????????????? ???????? ?????????? | | ????????????????? ????????????????????? | | ????????????????? * ????????????????????? | | ?????????????????####????????????????????? | | ?????????????????????????????????????????? | | ?????????????????????????????????????????? | | ?????????????????????????????????????????? | | ?????????????????????????????????????????? | | ?????????????????????????????????????????? | | ??????^??????????????????????????????????? | | ????^?^??????????????????????????????????? | | ?????????????????????????????????????????? | +----------------------------------------------------+ Best States ------------- Heat Dissipation 31 Energy Generation 10 Energy Capacity 250 Matter Stores 410 Matter Capacity 500 Sight Range 16 Robot Scan Range 20 Terrain Scan Density 10 ECM Strength 1 Armor Coverage 225 Evasion (%) 55 Item Schematics ----------------- None Robot Schematics ------------------ None Fabricated ------------ Nothing Alien Tech Used ----------------- None Achievements -------------- None Challenges ------------ None Game ------ Seed ReinforcedLinearClaws Manual? 0 Play Time 00:42:43 Cumulative 38.5 hours Start 2022.09.02 @ 20:40:19 End 2022.09.02 @ 21:27:07 Sessions 1 Manual Loads 0 Difficulty Rogue Special Mode None Game No. 87 Rogue 87 Adventurer 0 Explorer 0 Win Type - Total 0 Types 0/0/0/0/0/0/0/0/0 Lore% 25 Gallery% 24 Achievement% 23 Wizard Run 0 Options --------- ASCII 0 Keyboard 0 Movement Numpad Keybinds 0 Fullscreen 1 Font 12/Smallcaps Map View 83x54 Tactical HUD 1 Map Filters NONE Filters NONE Steam 1 RUN: ccb0ff15-21b7-47a6-a1e9-7f39b0142dd8